 Dungeon Crawl Stone Soup version 0.31-a0-210-gccc998df9b (webtiles) character file.

Game seed: 4314573610124552126

194 qw the Shooter (level 5, -5/45 HPs)
             Began as a Minotaur Hexslinger on June 30, 2023.
             Slain by Edmund
             ... wielding a +3 flail of protection
              (7 damage)
             ... on level 3 of the Dungeon.
             The game lasted 00:01:09 (2448 turns).

qw the Shooter (Minotaur Hexslinger)                Turns: 2448, Time: 00:01:09

Health: -5/45      AC:  6    Str: 12    XL:     5   Next: 44%
Magic:  5/5        EV: 11    Int: 10    God:
Gold:   168        SH:  0    Dex: 15    Spells: 5/6 levels left

rFire   . . .        Y - +2 sling
rCold   . . .        (no shield)
rNeg    . . .        e - +0 ring mail
rPois   .            (helmet restricted)
rElec   .            (no cloak)
rCorr   .            j - +0 pair of gloves
SInv    .            (no boots)
Will    .....        (no amulet)
Stlth   +            (no ring)
HPRegen 0.27/turn    (no ring)
MPRegen 0.09/turn

%: no passive effects
@: no status effects
A: horns 2, retaliatory headbutt
a: no special abilities


You were on level 3 of the Dungeon.
You visited 1 branch of the dungeon, and saw 4 of its levels.

You collected 168 gold pieces.


Innate Abilities, Weirdness & Mutations

You have a pair of horns on your head.
You reflexively headbutt those who attack you in melee.


   Skills:
 - Level 3.0 Fighting
 + Level 5.5 Ranged Weapons
 - Level 1.2 Armour
 - Level 2.1 Dodging
 - Level 1.0 Spellcasting
 - Level 2.0 Hexes


You had 5 spell levels left.
You knew the following spells:

 Your Spells              Type           Power      Damage    Failure   Level
a - Slow                  Hex            16%        N/A       34%         1

Your spell library contained the following spells:

 Spells                   Type           Power      Damage    Failure   Level
 Inner Flame              Hex/Fire       2%         N/A       83%         3
 Portal Projectile        Hex/Tloc       4%         N/A       83%         3
 Cause Fear               Hex            2%         N/A       98%         4

Inventory:

Hand Weapons
 Y - a +2 sling (weapon)
Armour
 e - a +0 ring mail (worn)
 j - a +0 pair of gloves (worn)
Jewellery
 d - a ring of ice
Scrolls
 b - a scroll of identify
Potions
 a - a potion of heal wounds {unknown}
 c - a potion of attraction {unknown}
 i - 2 potions of curing
 m - a potion of haste {unknown}

Dungeon Overview and Level Annotations

Branches:
Dungeon (4/15)
 Temple: D:4-7

Altars:
Kikubaaqudgha

Shops:
D:1 =

Annotations:
D:3 Edmund


Message History

Edmund barely misses you.
Edmund hits you with a +3 flail of protection.
You shoot a sling bullet. The sling bullet hits Edmund.
Edmund is lightly wounded.
Edmund barely misses you.
You shoot a sling bullet. The sling bullet barely misses Edmund.
Edmund barely misses you. You furiously retaliate!
You headbutt Edmund. You shoot a sling bullet.
The sling bullet hits Edmund but does no damage.
Edmund is lightly wounded.
Edmund misses you.
You shoot a sling bullet. The sling bullet hits Edmund.
Edmund is moderately wounded.
Edmund hits you but does no damage.
You shoot a sling bullet. The sling bullet hits Edmund.
Edmund is moderately wounded.
Edmund hits you but does no damage.
Edmund hits you with a +3 flail of protection!
You shoot a sling bullet. The sling bullet hits Edmund.
Edmund is moderately wounded.
Edmund hits you with a +3 flail of protection!
You shoot a sling bullet. The sling bullet barely misses Edmund.
Edmund closely misses you.
You shoot a sling bullet. The sling bullet barely misses Edmund.
Edmund hits you with a +3 flail of protection.
You shoot a sling bullet. The sling bullet closely misses Edmund.
Edmund hits you with a +3 flail of protection.
Edmund closely misses you. You furiously retaliate!
You headbutt Edmund. You shoot a sling bullet.
The sling bullet hits Edmund but does no damage.
Edmund is heavily wounded.
Edmund closely misses you.
You shoot a sling bullet. The sling bullet hits Edmund!
Edmund is severely wounded.
Edmund hits you with a +3 flail of protection!
You shoot a sling bullet.
The sling bullet hits Edmund but does no damage.
Edmund is severely wounded.
Edmund hits you with a +3 flail of protection!
You die...

............|...# ##.##
..#.##..........######...########
..#.........................<....
................######...########
..#.#.#.........## ##.## #
.....#...........# #.# #
..#...#..........# #.# #
..##.##.........@######.# #
..#.............@.......# #
).......##.##.##.#####.## #
........#...#.##.###.#.# #
...#.....#.......##.#..# #
....).........####.###.## #
##....%..#.#.## #....#..# #
##....###...## #..#.#.##### #
......####.######.#....#...## #
...#....##.# #..............#####


You could see Edmund.

Vanquished Creatures
  Terence (D:2)
  An orc wizard (D:3)
  4 gnolls (D:3)
  3 adders
  4 dart slugs
  3 orcs (D:3)
  5 ball pythons
  5 endoplasms
  5 giant cockroaches
  4 goblins
  8 hobgoblins
  7 kobolds
  2 quokkas (D:2)
  10 bats
  5 frilled lizards
  6 rats
73 creatures vanquished.

Notes
Turn   | Place    | Note
-------+----------+-------------------------------------------
     0 | D:1      | qw the Minotaur Hexslinger began the quest for the Orb.
     0 | D:1      | Reached XP level 1. HP: 16/16 MP: 1/1
     0 | D:1      | 0 ||| qw: Version: 0.3-a-26-gee661ec
     0 | D:1      | 0 ||| qw: Game counter: 7280
     0 | D:1      | 0 ||| qw: Melee chars always use a shield: true
     0 | D:1      | 0 ||| qw: God list: Okawaru
     0 | D:1      | 0 ||| qw: Allow faded altars: false
     0 | D:1      | 0 ||| qw: Do Orc after clearing Dungeon:15 true
     0 | D:1      | 0 ||| qw: Do second Lair branch before Depths: true
     0 | D:1      | 0 ||| qw: Lair rune preference: random
     0 | D:1      | 0 ||| qw: Goals: Normal
     0 | D:1      | 0 ||| PLANNING D:1-11
    60 | D:1      | 60 ||| FLEEEEING.
    61 | D:1      | 61 ||| FLEEEEING.
    62 | D:1      | 62 ||| FLEEEEING.
    63 | D:1      | 63 ||| FLEEEEING.
    72 | D:1      | Reached skill level 3 in Ranged Weapons
    72 | D:1      | Reached XP level 2. HP: 23/23 MP: 2/2
   280 | D:1      | Found Ruthroi's Jewellery Emporium.
   295 | D:1      | 295 ||| SHOPLISTING +4 ring of protection (432 gold, have
                  | 57).
   295 | D:1      | 295 ||| SHOPLISTING +6 ring of dexterity (432 gold, have
                  | 57).
   295 | D:1      | 295 ||| SHOPLISTING amulet of regeneration (360 gold, have
                  | 57).
   295 | D:1      | 295 ||| SHOPLISTING ring of fire (300 gold, have 57).
   295 | D:1      | 295 ||| SHOPLISTING ring of poison resistance (240 gold,
                  | have 57).
   295 | D:1      | 295 ||| SHOPLISTING ring of protection from fire (300 gold,
                  | have 57).
   295 | D:1      | 295 ||| SHOPLISTING ring of resist corrosion (240 gold,
                  | have 57).
   295 | D:1      | 295 ||| SHOPLISTING ring of willpower (300 gold, have 57).
   520 | D:1      | Reached XP level 3. HP: 29/29 MP: 3/3
   641 | D:1      | 641 ||| UPGRADING to +0 pair of gloves.
   646 | D:1      | 646 ||| UPGRADING to +0 leather armour.
   656 | D:1      | 656 ||| DROPPING +0 robe.
   657 | D:1      | 657 ||| DROPPING ring of magical power.
   658 | D:1      | 658 ||| READING scroll labelled YNASCH RAENNER.
   661 | D:1      | 661 ||| READING scroll labelled GANOS XICVI.
   662 | D:1      | 662 ||| READING scroll labelled REOTZYS MILEZ.
   715 | D:1      | 715 ||| READING scroll labelled ALIMOQ ESOEPP.
   716 | D:1      | 716 ||| DRINKING 3 bubbling coppery potions.
   717 | D:1      | 717 ||| DROPPING scroll of poison.
   830 | D:2      | Reached skill level 4 in Ranged Weapons
  1160 | D:2      | Noticed Terence
  1186 | D:2      | Killed Terence
  1187 | D:2      | Reached XP level 4. HP: 18/36 MP: 4/4
  1468 | D:2      | 1468 ||| UPGRADING to +0 ring mail.
  1478 | D:2      | 1478 ||| DROPPING +0 leather armour.
  1479 | D:2      | 1479 ||| READING scroll labelled LONUTY YVEAMAW.
  1480 | D:2      | 1480 ||| READING scroll labelled ZABBIU ULUUCE.
  1481 | D:2      | 1481 ||| DRINKING 2 murky dark potions.
  1482 | D:2      | 1482 ||| DROPPING potion of invisibility.
  1672 | D:3      | Found an ancient bone altar of Kikubaaqudgha.
  1732 | D:3      | Reached skill level 1 in Armour
  1802 | D:3      | Reached skill level 5 in Ranged Weapons
  1806 | D:3      | 1806 ||| FLEEEEING.
  1979 | D:3      | Reached XP level 5. HP: 36/42 MP: 5/5
  1991 | D:3      | Reached skill level 3 in Fighting
  1991 | D:3      | 1991 ||| DRINKING 3 potions of curing.
  1991 | D:3      | 1991 ||| (to cure confusion)
  2000 | D:3      | HP: 11/45 [something (2)]
  2005 | D:3      | HP: 6/45 [something (4)]
  2011 | D:3      | HP: 6/45 [something (1)]
  2131 | D:3      | 2131 ||| FLEEEEING.
  2161 | D:3      | 2161 ||| READING scroll labelled OVEFEL ASULASY.
  2405 | D:3      | 2405 ||| READING scroll labelled WUODEZ RYJY.
  2427 | D:4      | Noticed Edmund
  2433 | D:4      | 2433 ||| STAIRDANCE
  2444 | D:3      | HP: 10/45 [Edmund/+3 flail of protection (3)]
  2447 | D:3      | HP: 2/45 [Edmund/+3 flail of protection (7)]
  2448 | D:3      | Slain by Edmund

Levels and vault maps discovered:
D:1:      elethiomel_arrival_maze, layout_basic, serial_shops, shop
D:2:      layout_rooms, kennysheep_small_spiral, uniq_terence
D:3:      layout_loops_ring, marbit_many_paths, skrybe_limestone_x
D:4:      layout_basic, makhleb_heckhound_becter, fedhas_altar_1,
          lemuel_doored_altar, mainiacjoe_overflow_cross_hatched,
          minmay_misc_feat_more_columns, uniq_edmund

Skill      XL: |  1  2  3  4  5 |
---------------+----------------+-----
Ranged Weapons | 3 4 5 |  5.5
Fighting       | 2 3 |  3.0
Armour         | 1 |  1.2
Dodging        | |  2.1
Spellcasting   | |  1.0
Hexes          | |  2.0

Action                     |  1- 3 |  4- 6 || total
---------------------------+-------+-------++-------
   Fire: Sling             |   132 |   142 ||   274
    Use: Scroll            |     4 |     4 ||     8
         Potion            |     1 |     2 ||     3
 Armour: Robe              |     1 |       ||     1
         Skin              |    10 |       ||    10
         Leather armour    |     6 |     1 ||     7
         Ring mail         |       |    39 ||    39
  Dodge: Dodged            |    20 |    54 ||    74

Table legend:
 A = Non-vault XP
 B = Vault XP
 C = Vault XP percentage of total XP
 D = Non-vault monster count
 E = Vault monster count
 F = Vault count percentage of total count
                 A         B        C        D         E       F
            +---------+---------+-------+---------+---------+-------
      Total |     241 |      37 |  13.3 |      71 |       2 |   2.7
            +---------+---------+-------+---------+---------+-------
        D:1 |      45 |       0 |   0.0 |      24 |       0 |   0.0
        D:2 |      50 |      36 |  41.9 |      26 |       1 |   3.7
        D:3 |     146 |       1 |   0.7 |      21 |       1 |   4.5
            +---------+---------+-------+---------+---------+-------
